 Dungeon Crawl Stone Soup version 0.31.0-32-g396128a36d (webtiles) character file.

Game seed: 8276735384682438729

5285 Gabide the Martial Artist (level 10, -3/53 HPs)
             Began as a Vine Stalker Monk on Mar 14, 2024.
             Was a Believer of Sif Muna.
             Slain by an orc warrior
             ... wielding a +0 glaive
              (8 damage)
             ... in a bailey on Mar 18, 2024.
             The game lasted 00:15:22 (5694 turns).

Gabide the Martial Artist (Vine Stalker Monk)       Turns: 5694, Time: 00:15:22

Health: -3/53      AC: 14    Str: 14    XL:     10   Next: 63%
Magic:  0/21       EV: 16    Int: 10    God:    Sif Muna [**....]
Gold:   583        SH:  0    Dex: 21    Spells: 23/23 levels left

rFire   . .          .
                       - Unarmed
rCold   . . .        c - orb {light}
rNeg    . . .        e - +3 leather armour
rPois   .            m - +1 hat
rElec   .            r - +0 cloak
rCorr   .            h - +1 pair of gloves
SInv    .            (no boots)
Will    ++...        (no amulet)
Stlth   +            u - ring of willpower
HPRegen 1.08/turn    w - +4 ring of protection
MPRegen 0.17/turn

%: guardian spirit
@: channelling, glowing
A: fangs 3, regeneration 1, magic shield, antimagic bite, no potion heal 2
a: Renounce Religion, Channel Magic


You were in a bailey.
You worshipped Sif Muna.
Sif Muna was pleased with you.
You visited 2 branches of the dungeon, and saw 9 of its levels.
You also visited: Bailey.

You collected 583 gold pieces.

Inventory:

Missiles
 i - 9 javelins (quivered)
Armour
 c - an orb of light (worn)
 e - a +3 leather armour (worn)
 h - a +1 pair of gloves (worn)
 m - a +1 hat (worn)
 r - a +0 cloak (worn)
Jewellery
 f - a ring of positive energy
 n - a ring of see invisible
 o - a ring of ice
 p - the ring of Duytokol {rF+ MP+9}
   (You acquired it on level 5 of the Dungeon)

   [ring of magical power]

   rF+:       It protects you from fire.
   MP+9:      It affects your magic capacity (+9).
 u - a ring of willpower (left hand)
 w - a +4 ring of protection (right hand)
Wands
 k - a wand of charming (11)
 q - a wand of acid (14)
 v - a wand of roots (2)
 x - a wand of polymorph (6)
Scrolls
 d - 2 scrolls of poison
 g - 6 scrolls of teleportation
 j - 2 scrolls of amnesia
 t - 3 scrolls of immolation
 y - a scroll of identify
Potions
 a - 3 potions of curing
 b - a potion of ambrosia
 l - 4 potions of mutation
 s - 2 potions of might


   Skills:
 + Level 6.9 Fighting
 + Level 6.8 Dodging
 + Level 9.7 Unarmed Combat
 + Level 7.1 Spellcasting


You had 23 spell levels left.
You didn't know any spells.
Your spell library contained the following spells:

 Spells                   Type           Power      Damage    Failure   Level
 Slow                     Hex            12%        N/A       24%         1
 Sublimation of Blood     Necr           3%         N/A       34%         2
 Confusing Touch          Hex            3%         N/A       56%         3
 Gell's Gravitas          Tloc           3%         N/A       56%         3
 Inner Flame              Hex/Fire       3%         N/A       56%         3
 Sigil of Binding         Hex            3%         N/A       56%         3
 Teleport Other           Tloc           3%         N/A       56%         3
 Vampiric Draining        Necr           3%         2d6       56%         3
 Flame Wave               Conj/Fire      3%         2d5       93%         4
 Petrify                  Alch/Erth      3%         N/A       93%         4
 Sticky Flame             Fire/Alch      3%         2d4       93%         4
 Irradiate                Conj/Alch      1%         3d12      100%        5
 Dispersal                Tloc           1%         N/A       100%        6


Dungeon Overview and Level Annotations

Branches:
Dungeon (8/15)             Temple (1/1) D:4          Bailey (1/1)
   Lair: D:8-11

Altars:
Ashenzari
Cheibriados
Dithmenos
Elyvilon
Gozag
Hepliaklqana
Makhleb
Nemelex Xobeh
Qazlal
Ru
Sif Muna
Trog
Vehumet
Wu Jian
Xom
Zin
The Shining One

Shops:
D:1 (   D:7 (


Innate Abilities, Weirdness & Mutations

You have razor-sharp teeth.
Your natural rate of healing is unusually fast.
When hurt, damage is shared between your health and your magic reserves.
Your bite disrupts and absorbs the magic of your enemies.
Potions cannot restore your health.


Message History

The centaur throws a javelin.
The javelin barely misses you. The orc completely misses you.
The orc hits you but does no damage.
The orc warrior hits you from afar with a +0 glaive!
The centaur throws a javelin.
The javelin misses you. The orc warrior barely misses you.
The centaur throws a javelin.
The javelin misses you. The centaur attacks as it pursues you!
The centaur barely misses you. The orc attacks as it pursues you!
The orc completely misses you. x2
The orc warrior barely misses you.
The centaur throws a javelin.
The javelin barely misses you.
The javelin pierces through the centaur.
The orc warrior attacks as it pursues you!
The orc warrior hits you from afar with a +0 glaive!
* * * LOW HITPOINT WARNING * * *
Okay, then.
The centaur closely misses you. The orc closely misses you.
The centaur throws a javelin.
The javelin pierces through you.
* * * LOW HITPOINT WARNING * * *
The javelin pierces through the centaur!
The centaur dies!
The orc hits you but does no damage. The orc warrior closely misses you.
The orc warrior hits you from afar with a +0 glaive.
* * * LOW HITPOINT WARNING * * *
Okay, then.
Aiming: Fastroot
Press: ? - help, Shift-Dir - straight line, f - orc
Aim: an orc, wielding a +0 halberd and wearing a +0 ring mail (haloed)
The roots erupt in riotous growth!
Roots grab the orc.
Roots grab the orc warrior.
Roots grab the centaur.
The grasping roots constrict the orc!
You kill the orc!
Sif Muna accepts your kill.
The grasping roots constrict the orc warrior, but do no damage.
The grasping roots constrict the centaur, but do no damage.
You hear a shout! x2
The centaur struggles to escape constriction.
The centaur throws a javelin.
The javelin pierces through you. The orc closely misses you.
The orc warrior misses you.
The centaur escapes!
The orc warrior hits you from afar with a +0 glaive!
You die...

#####################
#≈≈≈≈≈≈≈≈≈≈≈≈≈≈≈≈≈≈≈## #
≈≈≈≈≈≈≈≈≈≈≈≈≈≈≈≈≈≈≈≈≈## ##
≈≈≈≈≈≈≈oo..c..≈≈≈≈≈≈≈≈###.
≈≈≈≈≈..≈≈≈≈≈≈≈..≈≈≈≈≈≈≈#..
≈≈≈..≈≈≈.@...≈≈≈..≈≈≈≈≈#..
≈≈.≈≈≈.).......≈≈≈.≈≈≈≈#..
≈≈.≈...)oc.......≈.≈≈≈≈#..
≈.≈≈.⌠.........⌠.≈≈.≈≈≈#..
≈.≈..o............≈.≈≈≈#..
.≈≈....≈≈≈≈≈≈≈....≈≈.≈≈#..
.≈...≈≈≈oo~~~≈≈≈...#####..
.≈..≈≈~~≈≈≈≈≈~≈≈≈......'..
.c..~~≈≈≈::?~~≈≈≈...)..'..


You could see 2 orc warriors, 2 centaurs and 4 orcs.

Vanquished Creatures
  Pikel (D:7)
  Maurice (D:7)
  A hornet (D:8)
  Eustachio (D:6)
  A wyvern (Bailey)
  3 yaks (D:7)
  Edmund (D:6)
  A water moccasin (D:6)
  An ice beast (D:7)
  7 orc warriors (Bailey)
  2 sky beasts
  A black bear (D:7)
  An ogre (D:5)
  4 centaurs
  2 lemures (D:7)
  A phantom (D:4)
  A kobold brigand (D:8)
  4 bullfrogs
  4 scorpions
  6 wights
  A killer bee (D:7)
  2 howler monkeys
  5 bombardier beetles
  2 hounds (D:4)
  A jelly (D:6)
  An orc priest (D:4)
  A sleepcap (D:7)
  6 iguanas
  Crazy Yiuf (D:7)
  2 orc wizards
  10 adders
  A shadow imp (D:7)
  A white imp (D:6)
  5 dart slugs
  6 ribbon worms
  32 orcs
  6 bats
  4 endoplasms
  2 giant cockroaches
  3 quokkas
  9 ball pythons
  3 frilled lizards
  14 goblins
  10 kobolds
  7 rats
179 creatures vanquished.

Vanquished Creatures (others)
  A centaur (Bailey)
  An orc (Bailey)
2 creatures vanquished.

Grand Total: 181 creatures vanquished

Notes
Turn   | Place    | Note
-------+----------+-------------------------------------------
     0 | D:1      | Gabide the Vine Stalker Monk began the quest for the Orb.
     0 | D:1      | Reached XP level 1. HP: 11/11 MP: 2/2
   302 | D:1      | Reached XP level 2. HP: 16/16 MP: 3/3
   337 | D:1      | Found Feovig's Antique Weapon Shoppe.
   589 | D:1      | Reached skill level 1 in Spellcasting
   886 | D:2      | Reached XP level 3. HP: 20/20 MP: 4/6
  1000 | D:2      | Found a faded altar of an unknown god.
  1193 | D:2      | Reached XP level 4. HP: 21/24 MP: 8/8
  1555 | D:3      | Found a bloodstained altar of Trog.
  1562 | D:3      | Identified the +1 leather armour of Tenacity {+Blink}
  1698 | D:3      | Found an opulent altar of Gozag.
  1787 | D:3      | Reached XP level 5. HP: 24/28 MP: 8/10
  1906 | D:3      | Reached skill level 4 in Unarmed Combat
  2056 | D:4      | Reached skill level 5 in Unarmed Combat
  2056 | D:4      | Reached XP level 6. HP: 30/32 MP: 11/11
  2093 | D:4      | Reached skill level 6 in Unarmed Combat
  2143 | D:4      | Reached XP level 7. HP: 20/36 MP: 8/12
  2419 | D:4      | Found a staircase to the Ecumenical Temple.
  2549 | D:4      | Found a sparkling altar of Nemelex Xobeh.
  2864 | Temple   | Entered the Ecumenical Temple
  2892 | D:5      | Entered Level 5 of the Dungeon
  2925 | D:5      | You fall into a shaft and drop 1 floor!
  3011 | D:5      | Gained mutation: You have razor-sharp teeth. [Vine Stalker
                  | growth]
  3011 | D:5      | Reached XP level 8. HP: 42/42 MP: 13/15
  3379 | D:5      | Identified a scroll of acquirement
  3380 | D:5      | Acquired the ring of Duytokol {rF+ MP+9}
  3437 | D:6      | Noticed Eustachio
  3453 | D:6      | Killed Eustachio
  3535 | D:6      | Reached skill level 7 in Unarmed Combat
  3638 | D:6      | Reached skill level 5 in Spellcasting
  3863 | D:6      | Noticed Edmund
  3878 | D:6      | Killed Edmund
  3879 | D:6      | Reached skill level 5 in Fighting
  3879 | D:6      | Reached XP level 9. HP: 39/47 MP: 18/18
  4034 | D:7      | Reached skill level 5 in Dodging
  4080 | D:7      | Noticed Maurice
  4087 | D:7      | Maurice stole a ring of ice
  4090 | D:7      | Maurice stole 2 javelins
  4093 | D:7      | Maurice stole 309 gold
  4095 | D:7      | Killed Maurice
  4096 | D:7      | Reached skill level 8 in Unarmed Combat
  4098 | D:7      | Noticed Pikel
  4364 | D:7      | Killed Pikel
  4371 | D:7      | Reached skill level 9 in Unarmed Combat
  4445 | D:7      | Reached XP level 10. HP: 53/53 MP: 20/20
  4495 | D:7      | Found Bieq's Antique Weapon Shoppe.
  4630 | D:7      | Found a sacrificial altar of Ru.
  4632 | D:7      | Found a white marble altar of Elyvilon.
  4682 | D:7      | Found a runed translucent door.
  4683 | D:7      | Noticed Crazy Yiuf
  4924 | D:7      | Killed Crazy Yiuf
  5059 | D:8      | Found a shimmering blue altar of Sif Muna.
  5063 | D:8      | Paralysed by a hornet for 3 turns
  5082 | D:8      | Became a worshipper of Sif Muna the Loreminder
  5082 | D:8      | Reached * piety under Sif Muna
  5082 | D:8      | Reached ** piety under Sif Muna
  5160 | D:8      | Found a flagged portal.
  5167 | Bailey   | Entered a bailey
  5694 | Bailey   | Slain by an orc warrior

Illustrated notes

Levels and vault maps discovered:
D:1:      minmay_arrival_wavy_path, layout_basic, serial_shops, shop
D:2:      layout_rooms, ebering_ecumenical_altar_mist,
          hangedman_abyss_or_decor_stabs, chequers_serial_rivers_micro_c,
          due_unseen_surprise
D:3:      layout_rooms, lemuel_crystal_altar, nicolae_gozag_seed_capital,
          chequers_serial_rivers_micro_e
D:4:      layout_loops_cross, lemuel_tele_altar,
          minmay_temple_entry_drinking_statues
D:5:      layout_cave_pools
D:6:      layout_cave_pools, feat_on_display, uniq_eustachio, uniq_edmund
D:7:      layout_rooms, jmf_multi_god_temple, serial_shops,
          nicolae_shop_tiny_real_fake_doors, kennysheep_generic_room_2,
          uniq_pikel, uniq_maurice, uniq_crazy_yiuf_cottage
D:8:      layout_basic, nicolae_sif_muna_condensation, fedhas_altar_4,
          general_overflow_altar, enter_bailey_3, hangedman_glass_teeth,
          uniq_maggie
Temple:   jpeg_temple_clearing
Bailey:   bailey_polearm_flooded_kennysheep, bailey

Skill      XL: |  1  2  3  4  5  6  7  8  9 10 |
---------------+-------------------------------+-----
Fighting       | 3 5 6 |  6.9
Spellcasting   | 1 2 3 4 5 6 7 |  7.1
Dodging        | 3 4 6 |  6.8
Unarmed Combat | 5 6 7 9 |  9.7

Action                     |  1- 3 |  4- 6 |  7- 9 | 10-12 || total
---------------------------+-------+-------+-------+-------++-------
  Melee: Unarmed           |   102 |   121 |   250 |   165 ||   638
         Bite              |    30 |    49 |   103 |    77 ||   259
 Invoke: Channel Magic     |       |       |       |     1 ||     1
  Evoke: Wand              |       |       |     2 |     4 ||     6
    Use: Scroll            |     4 |     7 |     4 |     3 ||    18
         Potion            |       |       |     1 |     1 ||     2
 Armour: Robe              |     6 |       |       |       ||     6
         Leather armour    |    43 |    59 |   128 |   173 ||   403
  Dodge: Dodged            |    66 |    68 |   163 |   246 ||   543
